 Dungeon Crawl Stone Soup version 0.30.2 (webtiles) character file.

Game seed: 16647673787333473175

19 Ashen the Grasshopper (level 2, 0/29 HPs)
             Began as an Ogre Warper on Jan 19, 2024.
             Shot with a sling bullet by a goblin (6 damage)
             ... led by Robin
             ... on level 2 of the Dungeon.
             The game lasted 00:01:12 (326 turns).

Ashen the Grasshopper (Ogre Warper)                  Turns: 326, Time: 00:01:13

Health: 0/29       AC:  3    Str: 14    XL:     2   Next: 75%
Magic:  5/5        EV:  9    Int: 14    God:
Gold:   25         SH:  0    Dex:  8    Spells: 6/6 levels left

rFire   . . .        a - +0 mace
rCold   . . .        (no shield)
rNeg    . . .        b - +0 robe
rPois   .            (helmet restricted)
rElec   .            (no cloak)
rCorr   .            (gloves unavailable)
SInv    .            (boots unavailable)
Will    .....        (no amulet)
Stlth   +            (no ring)
HPRegen 0.24/turn    (no ring)
MPRegen 0.09/turn

%: no passive effects
@: no status effects
A: large, unfitting armour, tough skin 1
a: no special abilities


You were on level 2 of the Dungeon.
You visited 1 branch of the dungeon, and saw 2 of its levels.

You collected 25 gold pieces.

Inventory:

Hand Weapons
 a - a +0 mace (weapon)
Missiles
 d - 7 boomerangs of dispersal (quivered)
Armour
 b - a +0 robe (worn)
Scrolls
 c - a scroll of blinking
 e - a scroll of identify {unknown}
Potions
 f - a potion of might {unknown}
 g - a potion of curing {unknown}


   Skills:
 + Level 2.9 Fighting
 + Level 1.9 Maces & Flails
 - Level 1.0 Throwing
 + Level 2.2 Dodging
 + Level 0.3 Stealth
 * Level 2.9 Spellcasting
 * Level 2.9 Translocations


You had 6 spell levels left.
You didn't know any spells.
Your spell library contained the following spells:

 Spells                   Type           Power      Damage    Failure   Level
 Blink                    Tloc           20%        N/A       10%         2
 Lesser Beckoning         Tloc           20%        N/A       10%         2
 Teleport Other           Tloc           10%        N/A       19%         3
 Vhi's Electric Charge    Tloc/Air       12%        N/A       34%         3
 Manifold Assault         Tloc           10%        N/A       54%         4


Dungeon Overview and Level Annotations

Branches:
Dungeon (1/15)

Altars:

Shops:
D:1 (

Annotations:
D:2 Robin


Innate Abilities, Weirdness & Mutations

You are too large for most types of armour.
You have tough skin. (AC +1)


Message History

You hit the dart slug.
You kill the dart slug!
No target in view!
HP restored.
You see here a dart slug corpse.
A goblin comes into view. It is wielding a +0 dagger.
The goblin shouts!
You hear a shout!
A hobgoblin comes into view.
There are monsters nearby!
A goblin comes into view. It is wielding a +0 club.
The goblin unwields a +0 dagger.
The goblin wields a +1 sling of flaming.
It bursts into flame!
The goblin shoots a sling bullet.
The sling bullet hits you but does no damage.
The goblin moves out of view.
You hear a shout! x2
The hobgoblin shouts!
The goblin shoots a sling bullet.
The sling bullet hits you. The sling bullet burns you.
Robin of the Strong Arm comes into view.
They are wielding a +0 short sword.
Robin shouts!
You hear a shout!
Robin throws the goblin at you!
The goblin shoots a sling bullet.
The sling bullet hits you. The sling bullet burns you.
The goblin unwields a +0 dagger.
The goblin wields a +0 sling.
The goblin shoots a sling bullet.
The sling bullet hits you but does no damage.
The goblin shoots a sling bullet.
The sling bullet hits you. The sling bullet burns you.
The goblin shoots a sling bullet.
The sling bullet misses you.
The goblin shoots a sling bullet.
The sling bullet hits you.
* * * LOW HITPOINT WARNING * * *
The sling bullet burns you.
* * * LOW HITPOINT WARNING * * *
The goblin shoots a sling bullet.
The sling bullet hits you.
* * * LOW HITPOINT WARNING * * *
The goblin shoots a sling bullet.
The sling bullet completely misses you.
The goblin shoots a sling bullet.
The sling bullet hits you.
* * * LOW HITPOINT WARNING * * *
The goblin shoots a sling bullet.
The sling bullet hits you.
You die...

########
#......#
###@#....#
#..........
#.#.#....##
#.#.##.#.#
#.#g##.#.#
#g#g.....#
#........#
#+#
#####.####
##...
#g####
##....


You could see a hobgoblin and a goblin.

Vanquished Creatures
  2 dart slugs
  A giant cockroach (D:1)
  2 goblins (D:1)
  A hobgoblin (D:1)
  4 bats (D:1)
  4 kobolds
14 creatures vanquished.

Notes
Turn   | Place    | Note
-------+----------+-------------------------------------------
     0 | D:1      | Ashen the Ogre Warper began the quest for the Orb.
     0 | D:1      | Reached XP level 1. HP: 22/22 MP: 3/3
   182 | D:1      | Found Ammu's Antique Weapon Emporium.
   195 | D:1      | Reached XP level 2. HP: 29/29 MP: 5/5
   271 | D:1      | You fall into a shaft and drop 1 floor!
   313 | D:2      | Noticed Robin
   326 | D:2      | Shot with a sling bullet by a goblin

Illustrated notes

Levels and vault maps discovered:
D:1:      wander_arrival_peaceful_grave, layout_basic, serial_shops,
          nicolae_shop_just_a_little_nook, nicolae_diamond_shop
D:2:      layout_loops_corners, uniq_sigmund, uniq_robin

Action                     || total
---------------------------++-------
  Melee: Mace              ||    51
 Armour: Robe              ||    29
  Dodge: Dodged            ||    40
